AoeStats
← MooseMooch

Arabia

509720298Analyzed
1v1 RM · 4d ago on Sep 27, 2026· 41m 2s· 2 players
Game mode
Random Map
Map size
Tiny (2 player)
Population
200
Speed
Normal
Resources
Standard
Victory
Conquest
Starting age
Dark Age
Ending age
Imperial Age
RankedLock teamsTeams togetherTeam positionsShared explorationLock speedFull tech treeHidden civsTurbo modeCheats
Victory
Defeat
🇩🇪 Portuguese · Germany
1173
+15
🇷🇺 Saracens · Russia
1150
-15
R-Y
7:32 Loom
9:40 Feudal Age
10:46 Double-Bit Axe
16:21 Castle Age
17:21 Horse Collar
24:56 Town Watch
29:37 Bloodlines
28:52 Elite Skirmisher
32:18 Wheelbarrow
34:05 Guard Tower
34:51 Heavy Plow
34:57 Fletching
36:59 Bow Saw
37:05 Scale Barding Armor
38:15 Gold Mining
39:22 Chain Barding Armor
39:25 Bodkin Arrow
40:27 Masonry
MooseMooch
6:39 Loom
8:56 Feudal Age
9:29 Double-Bit Axe
17:09 Fletching
20:26 Wheelbarrow
23:55 Castle Age
22:00 Horse Collar
22:21 Gold Mining
24:55 Bow Saw
24:19 Crossbowman
24:55 Bodkin Arrow
36:56 Imperial Age
36:57 Herbal Medicine
38:07 Bracer
39:09 Chemistry
37:31 Arbalester
38:48 Thumb Ring
39:05 Ballistics
38:47 Padded Archer Armor
40:08 Leather Archer Armor
40:51 Heavy Plow
Connection lost

Rejoining the realm…

Still unreachable

The connection could not be restored.

Session expired

The server has moved on; the page needs a fresh start.